cohdb
Replays
Latest Replays
All Replays
Popular Replays
Top Player Replays
Match Explorer
How It Works
Community
CoH3 Stats
Reddit
Sign in to upload your games and track your stats! →
Sign in with Steam
Match 43460609
Unlisted
Match 43460609
Overview
Messages
Build Orders
End
Construct Section Command Post
ML 3-inch Mortar Team
Infantry Section
Infantry Section
Construct Platoon Command Post
Selects Air and Sea Battlegroup
Selects Supply Surplus
Construct Resource Cache
Construct Resource Cache
Construct Resource Cache
Humber Armored Car
Humber Armored Car
Grenade Package
Selects Commando Section Paradrop
Commando Section Paradrop
Construct Field Infirmary
Construct Company Command Post
Selects Commando Support Section Paradrop
Unlock M3 Grant Medium Tanks
Construct Resource Cache
Construct Resource Cache
M3 Grant Medium Tank
Selects Incendiary Bombing Run
Incendiary Bombing Run
Commando Section Paradrop
M3 Grant Medium Tank
Incendiary Bombing Run
M3 Grant Medium Tank
Foot Guards Section
M3 Grant Medium Tank
Incendiary Bombing Run
DarkLord
juve1975
smurfsssss
Fireday
[DGG] .I.
Big Sexy
JINGER
Jaime Lannister
0
0
Comments
sign in to comment!
No comments posted yet!